AoeStats
← Yael090

Fortress

510660426Analyzed
1v1 RM · 16h ago on Oct 2, 2026· 46m 30s· 2 players
Game mode
Random Map
Map size
Small (3 player)
Population
200
Speed
Normal
Resources
Standard
Victory
Conquest
Starting age
Dark Age
Ending age
Imperial Age
RankedLock teamsTeams togetherTeam positionsShared explorationLock speedFull tech treeHidden civsTurbo modeCheats
Victory
Defeat
🇲🇽 Britons · Mexico
1089
+17
🇨🇱 Malians · Chile
1104
-17
Yael090
8:39 Feudal Age
9:36 Double-Bit Axe
12:49 Castle Age
12:34 Wheelbarrow
12:05 Horse Collar
18:05 Heavy Plow
18:58 Gold Mining
20:22 Hand Cart
20:35 Padded Archer Armor
21:31 Gold Shaft Mining
22:38 Fletching
23:46 Bodkin Arrow
27:14 Leather Archer Armor
29:56 Stone Mining
30:21 Bow Saw
30:01 Loom
30:01 Town Watch
29:39 Crossbowman
34:54 Imperial Age
32:55 Treadmill Crane
35:51 Warwolf
36:09 Bracer
36:40 Ring Archer Armor
37:51 Chemistry
37:42 Herbal Medicine
38:19 Conscription
37:21 Elite Longbowman
39:01 Yeomen
40:39 Ballistics
42:23 Pikeman
43:10 Scale Mail Armor
43:21 Forging
43:23 Masonry
43:20 Siege Engineers
43:40 Squires
43:27 Arson
43:29 Gambesons
43:47 Halberdier
45:38 Chain Mail Armor
45:59 Iron Casting
46:51 Town Patrol
nerostrife
2:07 Loom
7:19 Feudal Age
11:16 Castle Age
9:05 Loom
9:10 Double-Bit Axe
12:58 Bow Saw
13:42 Arson
15:29 Scale Mail Armor
16:37 Forging
18:46 Chain Mail Armor
19:15 Horse Collar
21:33 Wheelbarrow
21:52 Iron Casting
31:29 Imperial Age
32:30 Conscription
31:34 Onager
32:36 Gold Mining
35:15 Bloodlines
35:19 Scale Barding Armor
35:57 Hand Cart
35:39 Siege Onager
36:31 Cavalier
39:46 Husbandry
39:48 Farimba
40:56 Chain Barding Armor
41:42 Chemistry
41:04 Heavy Plow
43:35 Plate Barding Armor
Connection lost

Rejoining the realm…

Still unreachable

The connection could not be restored.

Session expired

The server has moved on; the page needs a fresh start.